 Dungeon Crawl Stone Soup version 0.28-a0-828-g0121872642 (webtiles) character file.

Game seed: 12029327644770099205

18685 noothan the Spear-Bearer (level 12, -18/159 HPs)
             Began as a White Draconian Berserker on Nov 10, 2021.
             Was an Elder of Trog.
             Demolished by a naga (21 damage)
             ... on level 1 of the Snake Pit on Nov 11, 2021.
             The game lasted 00:34:13 (12234 turns).

noothan the Spear-Bearer (DrBe)                    Turns: 12234, Time: 00:34:13

Health: -18/159    AC: 10    Str: 24    XL:     12   Next: 29%
Magic:  12/12      EV: 17    Int:  8    God:    Trog [****..]
Gold:   580        SH:  6    Dex: 17    Spells: 11/11 levels left

rFire   . . .      SeeInvis .   u - +8 demon trident "Rift" {distort, reach+}
rCold   + . .      Faith    +   O - +0 buckler
rNeg    . . .      Spirit   .   (armour unavailable)
rPois   .          Reflect  .   t - +0 hat
rElec   .          Harm     .   K - +0 cloak
rCorr   .          Rampage  .   h - +0 pair of gloves
Will    .....                   (no boots)
Stlth   ..........              L - amulet of faith
HPRegen 0.36/turn               B - +6 ring of dexterity
MPRegen 0.13/turn               Q - +4 ring of evasion

@: berserking, lethally poisoned (-18 -> -29), constricted, very quick
A: breathe frost, AC +8, unfitting armour, cold resistance 1, cold-blooded
a: Breathe Frost, Renounce Religion, Berserk, Trog's Hand, Brothers in Arms


You were on level 1 of the Snake Pit.
You worshipped Trog.
Trog was greatly pleased with you.
You visited 3 branches of the dungeon, and saw 14 of its levels.

You collected 580 gold pieces.

Inventory:

Hand Weapons
 a - a +0 hand axe
 p - a +1 dagger of protection
 s - a +2 short sword of venom
 u - the +8 demon trident "Rift" (weapon) {distort, reach+}
   (You found it on level 4 of the Dungeon)

   It warps and distorts space around it, and may blink, banish, or inflict
   extra damage upon those it strikes.
   Unwielding it can cause banishment or high damage.
   It can reach especially far, and its reaching attacks ignore other creatures
   in the way.
 S - the +5 trident "Tefucwox" {vorpal, +Blink Will- Dex+7}
   (Trog gifted it to you on level 10 of the Dungeon)

   It inflicts extra damage upon your enemies.
   Dex:       It affects your dexterity (+7).
   +Blink:    It lets you blink.
   Will:      It decreases your willpower.
Missiles
 y - a throwing net (quivered)
Armour
 h - a +0 pair of gloves (worn)
 t - a +0 hat (worn)
 H - a +0 helmet
 K - a +0 cloak (worn)
 O - a +0 buckler (worn)
Jewellery
 i - a ring of protection from fire
 n - a ring of protection from cold
 A - an amulet of reflection
 B - a +6 ring of dexterity (left hand)
 F - an amulet of magic regeneration
 L - an amulet of faith (around neck)
 P - a ring of protection from cold
 Q - a +4 ring of evasion (right hand)
Wands
 D - a wand of acid (4)
 N - a wand of polymorph (12)
 U - a wand of flame (17)
Scrolls
 b - 2 scrolls of brand weapon {unknown}
 d - 4 scrolls of magic mapping {unknown}
 e - 14 scrolls of identify {unknown}
 f - 3 scrolls of amnesia {unknown}
 g - a scroll of noise {unknown}
 k - 3 scrolls of summoning {unknown}
 o - 5 scrolls of fear {unknown}
 q - 8 scrolls of enchant armour {unknown}
 v - a scroll of vulnerability {unknown}
 w - 6 scrolls of teleportation {unknown}
 E - a scroll of silence {unknown}
 G - 2 scrolls of torment {unknown}
 I - a scroll of holy word {unknown}
 M - a scroll of immolation {unknown}
 R - a scroll of acquirement {unknown}
Potions
 c - 3 potions of haste
 j - a potion of magic {unknown}
 l - 2 potions of brilliance {unknown}
 m - 3 potions of curing
 r - a potion of resistance {unknown}
 x - 3 potions of might {unknown}
 z - a potion of mutation {unknown}
 C - 3 potions of degeneration {unknown}
 J - 5 potions of heal wounds {unknown}
 T - 2 potions of attraction {unknown}
 V - a potion of berserk rage {unknown}


   Skills:
 + Level 9.9 Fighting
 + Level 5.5(10.3) Axes
 + Level 13.5(14.0) Polearms
 + Level 8.2 Dodging
 + Level 5.9 Stealth
 + Level 5.9 Shields


You had 11 spell levels left.
You didn't know any spells.
Your spell library was empty.

Dungeon Overview and Level Annotations

Branches:
Dungeon (11/15)            Temple (0/1) D:6            Lair (2/6) D:11
  Snake (1/4) Lair:2
  Swamp: Lair:2-4    Shoals: Lair:2-4       Orc: D:9-12

Altars:
Dithmenos
Fedhas
Makhleb
Nemelex Xobeh
Trog
Uskayaw
Vehumet
Xom
Zin

Shops:
D:3 :   D:4 *   D:6 *   D:7 *!*[

Annotations:
D:10 2 runed translucent doors
Abyss:1 Fannar


Innate Abilities, Weirdness & Mutations

You can breathe waves of freezing cold which knock back foes.
Your icy white scales are hard. (AC +8)
You cannot fit into any form of body armour.
Your flesh is cold resistant. (rC+)
You are cold-blooded and may be slowed by cold attacks.


Message History

* * * LOW HITPOINT WARNING * * *
The anaconda bites you but does no damage.
The naga hits you but does no damage. The naga constricts you.
* * * LOW HITPOINT WARNING * * *
You block the black mamba's attack.
It was a potion of curing.
You feel better.
* * * LOW HITPOINT WARNING * * *
You are poisoned.
Your two-headed ogre looks even sicker.
You block the anaconda's attack. The black mamba misses you.
The naga warrior roars a battlecry!
The nagas go into a battle-frenzy!
Your two-headed ogre hits the naga ritualist with a +0 giant spiked club!!
Your two-headed ogre hits the naga ritualist with a +0 giant club!
The mana viper misses you. The naga hits you but does no damage.
The naga constricts you.
* * * LOW HITPOINT WARNING * * *
The anaconda bites you but does no damage.
A red film seems to cover your vision as you go berserk!
You feel yourself moving faster!
You feel mighty!
You feel sick.
* * * LOW HITPOINT WARNING * * *
You are more poisoned.
Your ogre looks even sicker.
The naga ritualist's toxic aura wanes.
The black mamba bites you!
* * * LOW HITPOINT WARNING * * *
The black mamba bites you!
* * * LOW HITPOINT WARNING * * *
Your ogre closely misses the mana viper.
You block the anaconda's attack.
Your two-headed ogre hits the naga ritualist with a +0 giant spiked club!!
The naga ritualist dies!
Trog accepts your kill. The naga warrior spits poison at you.
The splash of poison hits you!
You are more poisoned.
* * * LOW HITPOINT WARNING * * *
The black mamba completely misses you.
The mana viper bites you but does no damage.
The naga hits you with a +0 mace!!
You die...

..............
............. .
...........$ ..
........... ...
.......... ....
.........♣.....
......NO.......
♣S@S......
......SNS......
....O.S..♣.....
....)..... ....
........... ...
............ ..
............. .
.........^)...


You could see a naga warrior, an anaconda, 2 mana vipers, 2 black mambas, a naga
(strong), a friendly two-headed ogre (summoned, berserk, very poisoned) and a
friendly ogre (summoned, berserk, very poisoned).

Vanquished Creatures
  A centaur warrior (D:10)
  A two-headed ogre (D:10)
  A wolf spider (D:10)
  2 cyclopes
  A torpor snail (Lair:1)
  4 black mambas (Lair:2)
  A cane toad (Lair:1)
  Maggie (D:10)
  2 komodo dragons
  A hornet (D:9)
  A shadow (D:11)
  3 wraiths
  25 yaks
  A basilisk (Lair:1)
  Grum (D:10)
  Menkaure (D:6)
  An acid dragon (D:11)
  6 water moccasins
  Duvessa (D:6)
  5 orc warriors
  A sky beast (D:7)
  2 ice beasts
  An ogre (D:5)
  4 wolves (D:10)
  3 centaurs
  2 phantoms
  A kobold brigand (D:10)
  A wyvern zombie (D:9)
  2 bullfrogs (Lair:1)
  2 gnoll sergeants
  Dowan (D:6)
  5 scorpions
  A water moccasin skeleton (D:5)
  15 killer bees
  2 wights (D:10)
  3 howler monkeys
  5 centaur zombies
  3 hounds (D:5)
  A bullfrog zombie (D:7)
  3 jellies
  3 orc priests
  A bullfrog skeleton (D:7)
  3 iguanas
  6 orc wizards
  A killer bee zombie (D:5)
  A howler monkey zombie (D:8)
  9 gnolls
  2 adders (D:5)
  A shadow imp (D:6)
  A white imp (D:5)
  An adder skeleton (D:4)
  2 worms (D:2)
  3 dart slugs
  32 orcs
  15 ball pythons
  9 bats
  5 endoplasms
  5 giant cockroaches
  11 goblins
  11 hobgoblins
  10 jackals
  6 quokkas
  4 frilled lizards
  13 kobolds
  A quokka skeleton (D:4)
  7 rats
281 creatures vanquished.

Vanquished Creatures (collateral kills)
  A naga ritualist (Snake:1)
  A cyclops (D:10)
  2 kobold demonologists (D:10)
  2 yaks (D:9)
  A killer bee (D:10)
  A gnoll shaman (D:9)
  An orc wizard (D:9)
  5 gnolls (D:9)
  An orc (D:9)
15 creatures vanquished.

Vanquished Creatures (others)
  A fungus (Lair:1)
  15 plants
16 creatures vanquished.

Grand Total: 312 creatures vanquished

Notes
Turn   | Place    | Note
-------+----------+-------------------------------------------
     0 | D:1      | noothan the Draconian Berserker began the quest for the
                  | Orb.
     0 | D:1      | Reached XP level 1. HP: 19/19 MP: 1/1
    51 | D:1      | Reached XP level 2. HP: 11/26 MP: 2/2
   617 | D:1      | Reached XP level 3. HP: 31/31 MP: 3/3
   622 | D:1      | Reached ** piety under Trog
  1684 | D:2      | Found a faded altar of an unknown god.
  1807 | D:2      | Reached XP level 4. HP: 40/40 MP: 4/4
  2473 | D:3      | Reached *** piety under Trog
  2476 | D:3      | Found Kechuare's Book Shoppe.
  2926 | D:3      | Noticed a phantom
  2938 | D:3      | Killed a phantom
  2939 | D:3      | Reached skill level 1 in Stealth
  2939 | D:3      | Reached XP level 5. HP: 46/46 MP: 5/5
  3220 | D:3      | Found a shimmering altar of Xom.
  3981 | D:4      | Found the +8 demon trident "Rift" {distort, reach+}
  4001 | D:4      | Found Zin's Purification Station.
  4006 | D:4      | Found a glowing silver altar of Zin.
  4075 | D:4      | Reached skill level 5 in Axes
  4075 | D:4      | Reached XP level 6. HP: 41/53 MP: 6/6
  4336 | D:4      | Reached **** piety under Trog
  4697 | D:5      | Entered Level 5 of the Dungeon
  4786 | D:5      | Reached skill level 1 in Polearms
  4935 | D:5      | Found a blossoming altar of Fedhas.
  4942 | D:5      | Found a sparkling altar of Nemelex Xobeh.
  5170 | D:5      | Your scales start taking on an icy white colour.
  5170 | D:5      | Reached XP level 7. HP: 60/60 MP: 7/7
  5170 | D:5      | Gained mutation: Your flesh is cold resistant. (rC+) [White
                  | Draconian growth]
  5211 | D:5      | Reached skill level 5 in Fighting
  5211 | D:5      | Reached skill level 2 in Polearms
  5386 | D:5      | Found a hide-covered altar of Uskayaw.
  5392 | D:5      | Reached skill level 3 in Polearms
  5731 | D:6      | Found a staircase to the Ecumenical Temple.
  5805 | D:6      | Noticed Menkaure
  5813 | D:6      | Killed Menkaure
  5814 | D:6      | Reached skill level 4 in Polearms
  6092 | D:6      | Reached XP level 8. HP: 69/69 MP: 8/8
  6158 | D:6      | Found Isao's Gadget Gallery.
  6188 | D:6      | Reached skill level 5 in Polearms
  6197 | D:6      | Reached skill level 1 in Shields
  6624 | D:6      | Noticed Duvessa
  6624 | D:6      | Noticed Dowan
  6627 | D:6      | Killed Duvessa
  6628 | D:6      | Reached skill level 6 in Polearms
  6630 | D:6      | Killed Dowan
  6942 | D:7      | Reached skill level 5 in Dodging
  7068 | D:7      | Reached skill level 7 in Polearms
  7080 | D:7      | Found Femaveaf's Antique Armour Emporium.
  7087 | D:7      | Found Ritatuptu's General Store.
  7186 | D:7      | Reached XP level 9. HP: 75/75 MP: 9/9
  7353 | D:7      | Found Ilaary's Distillery.
  7404 | D:7      | Found Zexeagos's Assorted Antiques.
  7478 | D:7      | Reached ***** piety under Trog
  7580 | D:8      | Reached skill level 8 in Polearms
  8020 | D:8      | Noticed a cyclops
  8025 | D:8      | Killed a cyclops
  8337 | D:8      | Reached skill level 9 in Polearms
  8408 | D:8      | Found a radiant altar of Vehumet.
  8954 | D:9      | Found a shadowy altar of Dithmenos.
  8988 | D:9      | Found a bloodstained altar of Trog.
  9087 | D:9      | Found a burning altar of Makhleb.
  9233 | D:9      | Reached XP level 10. HP: 86/86 MP: 10/10
  9240 | D:9      | Reached skill level 10 in Polearms
  9747 | D:10     | Entered Level 10 of the Dungeon
  9747 | D:10     | Noticed Maggie
  9757 | D:10     | Killed Maggie
  9792 | D:10     | Noticed a two-headed ogre
  9801 | D:10     | Killed a two-headed ogre
  9861 | D:10     | Reached skill level 11 in Polearms
  9916 | D:10     | Found a runed translucent door.
  9917 | D:10     | Noticed a wolf spider
  9918 | D:10     | Noticed a cyclops
  9919 | D:10     | Noticed a wolf spider
  9919 | D:10     | Noticed a centaur warrior
  9920 | D:10     | Found a runed translucent door.
  9920 | D:10     | Found a runed translucent door.
  9933 | D:10     | Killed a wolf spider
  9934 | D:10     | Reached XP level 11. HP: 94/94 MP: 11/11
  9949 | D:10     | Killed a centaur warrior
  9951 | D:10     | Banished a wolf spider
  9968 | D:10     | Identified the +5 trident "Tefucwox" {vorpal, +Blink Will-
                  | Dex+7} (Trog gifted it to you on level 10 of the Dungeon)
  9968 | D:10     | Received a gift from Trog
  9990 | D:10     | Reached skill level 12 in Polearms
 10183 | D:10     | Noticed Grum
 10187 | D:10     | Killed Grum
 10211 | D:10     | Identified the amulet of Owici {Acrobat rF+ Int-4 SInv}
 10528 | D:10     | Noticed Fannar
 10548 | D:10     | Banished Fannar
 10549 | D:10     | Reached skill level 5 in Shields
 10931 | D:11     | Noticed a boulder beetle
 10946 | D:11     | Banished a boulder beetle
 10973 | D:11     | Reached skill level 5 in Stealth
 11009 | D:11     | Reached skill level 13 in Polearms
 11126 | D:11     | Found a staircase to the Lair.
 11139 | Lair:1   | Entered Level 1 of the Lair of Beasts
 11277 | Lair:1   | Reached XP level 12. HP: 105/105 MP: 12/12
 12204 | Lair:2   | Found a staircase to the Snake Pit.
 12227 | Snake:1  | Entered Level 1 of the Snake Pit
 12227 | Snake:1  | Noticed a naga warrior
 12227 | Snake:1  | Noticed an anaconda
 12234 | Snake:1  | HP: 3/159 [naga warrior/splash of poison (11)]
 12234 | Snake:1  | Demolished by a naga

Illustrated notes

Levels and vault maps discovered:
D:1:      psy_arrival_dodecagon, layout_loops_cross, serial_bayou_pond_a,
          chequers_serial_rivers_small_3
D:2:      minmay_general_purpose_star, layout_loops_corners,
          hellmonk_ecumenical_altar_zigzags, hangedman_glass_garden
D:3:      minmay_spotlight, layout_loops_ring, tgw_xom, serial_shops,
          nicolae_diamond_shop, minmay_misc_feat_square,
          chequers_serial_rivers_marsh
D:4:      layout_cave_pools, zin_purify, serial_bayou_pond_a
D:5:      layout_loops_cross, old_standard_altar,
          chequers_temple_overflow_statue_of_worship, kennysheep_dice
D:6:      layout_basic, temple_statues, nicolae_shop_gadgets, uniq_menkaure,
          uniq_duvessa
D:7:      layout_rooms, serial_shops,
          nicolae_shop_temple_entry_statues_fountains, kennysheep_mini_moat,
          nicolae_shop_behind_doors, nicolae_shop_behind_doors,
          dk_noncrumbling_3
D:8:      layout_gridville, general_overflow_altar, mrwooster_statue_mirror
D:9:      layout_stronghold, mainiacjoe_overflow_alcove_2,
          mainiacjoe_overflow_alcove_4, grunt_dithmenos_smoke, kennysheep_boxes
D:10:     minmay_the_grid_triangle_9x9_rhombus_thin
          [minmay_the_grid_triangle_9x9_intruding_spiral,
          minmay_the_grid_triangle_9x9_prize_special,
          minmay_the_grid_triangle_9x9_alien,
          minmay_the_grid_triangle_9x9_fully_insulated_deathbox], layout_basic,
          mainiacjoe_overflow_small_starburst, zombieorc2_lemuel,
          amcnicky_mini_rare_corridor_liquid, uniq_fannar, uniq_grum,
          uniq_erolcha, uniq_maggie
D:11:     layout_basic, lair_entry_dummy, minivault_10, minivault_13
Lair:1:   layout_long_grid
Lair:2:   layout_cave_pods, minmay_snake_entry_six_corridors, uniq_erica
Snake:1:  layout_cave_shapes, grunt_ministairs_1, minmay_shoptagon,
          serial_bayou_shore_b, lemuel_fruit_tree

Skill      XL: |  1  2  3  4  5  6  7  8  9 10 11 12 |
---------------+-------------------------------------+-----
Dodging        | 3 4 5 6 7 8 |  8.2
Axes           | 4 5 |  5.5
Fighting       | 4 5 6 7 8 9 |  9.9
Stealth        | 1 2 3 4 5 |  5.9
Polearms       | 1 4 7 9 11 13 | 13.5
Shields        | 1 2 4 5 |  5.9

Action                   |  1- 3 |  4- 6 |  7- 9 | 10-12 || total
-------------------------+-------+-------+-------+-------++-------
Melee: Hand axe          |   158 |   129 |       |       ||   287
       Tailslap          |    14 |    16 |    23 |    56 ||   109
       Demon trident     |       |    33 |   166 |   251 ||   450
Invok: Berserk           |     3 |     5 |    13 |    10 ||    31
       Brothers in Arms  |       |       |       |     5 ||     5
       Trog's Hand       |       |       |       |     2 ||     2
 Abil: Breathe Frost     |       |       |       |     3 ||     3
  Use: Potion            |       |       |       |     2 ||     2
 Stab: Sleeping          |     3 |     1 |     2 |     3 ||     9
       Distracted        |       |       |       |     1 ||     1
Armor: Skin              |    43 |    56 |    36 |    40 ||   175
Dodge: Dodged            |    97 |    85 |    97 |   163 ||   442
Block: Other             |       |     2 |    24 |       ||    26
       Reflection        |       |       |     2 |       ||     2
       Buckler           |       |       |    21 |    69 ||    90

Table legend: (Time is in decaauts)
 A = Elapsed time spent in this place.
 B = Non-inter-level travel time spent in this place.
 C = Inter-level travel time spent in this place.
 D = Time resting spent in this place.
 E = Time spent auto-exploring this place.
 F = Levels seen in this place.
 G = Mean time per level.
                   A        B        C        D        E       F      G
               +--------+--------+--------+--------+--------+-----+--------+
         Total |  12453 |  12453 |      0 |   3620 |   6047 |  14 |  889.5 |
       Dungeon |  11377 |  11377 |      0 |   3476 |   5386 |  11 | 1034.3 |
          Lair |   1069 |   1069 |      0 |    144 |    661 |   2 |  534.5 |
     Snake Pit |      6 |      6 |      0 |      0 |      0 |   1 |    6.0 |
               +--------+--------+--------+--------+--------+-----+--------+

Top non-repeatable levels by time:
     D:6: 1338 daAuts
     D:1: 1315 daAuts
     D:3: 1274 daAuts
     D:4: 1168 daAuts
     D:9: 1133 daAuts
     D:8: 1094 daAuts
     D:2: 1051 daAuts
    D:10: 1011 daAuts
     D:5: 912 daAuts
  Lair:1: 884 daAuts
     D:7: 676 daAuts
    D:11: 400 daAuts
  Lair:2: 185 daAuts
 Snake:1: 6 daAuts
